cohdb
Replays
Latest Replays
All Replays
Popular Replays
Top Player Replays
Match Explorer
How It Works
Community
CoH3 Stats
Reddit
Sign in to upload your games and track your stats! →
Sign in with Steam
Match 42662818
Unlisted
Match 42662818
Overview
Messages
Build Orders
End
Kradschützen Motorcycle Team
250 Light Carrier
250 Light Carrier
Construct Light Support Kompanie
Combat Half-tracks
Panzerpioneer Squad
Construct Mechanized Kompanie
MG34 Team
Selects Panzerjäger Kommand Battlegroup
Selects Tank Busters
Selects Mine Fields
Vehicle Survival Package
Panzerjäger Mechanized Group
8 Rad Armored Car
8 Rad Armored Car
Selects Crew Shock Tactics
Support Armor Elements
Emergency Repair Kits
Advanced Optics
Panzerjäger Mechanized Group
hooveric
goldship
retreat_plz
-{CAA}- Nescafee
-{CAA}- Akvavi
Fredsch
0
0
Comments
sign in to comment!
No comments posted yet!